 Dungeon Crawl Stone Soup version 0.32-a0-558-g233958a4c4 (webtiles) character file.

Game seed: 7344173403129869358

3246758 tiapride the Slayer (level 27, 172/172 (217) HPs)
             Began as a Coglin Warper on Feb 29, 2024.
             Was an Initiate of Elyvilon.
             Escaped with the Orb
             ... and 5 runes
             ... and 2 gems!
             The game lasted 01:39:51 (73072 turns).

tiapride the Slayer (Coglin Warper)                Turns: 73072, Time: 01:39:52

HP:   172/172 (217) AC: 19    Str: 15    XL:     27
MP:   42/42         EV: 32    Int: 14    God:    Elyvilon [......]
Gold: 8609          SH:  0    Dex: 28    Spells: 50/56 levels left

rFire   + + +        A - +6 double sword (flame) {Ashmeen}
rCold   + . .        T - +9 double sword (freeze) {Charoen}
rNeg    . . .        W - +0 fire dragon scales
rPois   +            (helmet unavailable)
rElec   +            c - scarf {rC+ rF+}
rCorr   +            E - +0 pair of fencer's gloves {Riposte Dex+3}
SInv    .            i - +3 pair of seven-league boots {Rampage+∞}
Will    ++...        (amulet unavailable)
Stlth   +            (ring unavailable)
HPRegen 0.48/turn    (ring unavailable)
MPRegen 0.28/turn    J - ablative megaencabulator {RevParry, rElec rPois rCorr}

%: rampage+∞
@: studying 3 skills, heavily drained
A: off-hand wielding, slow wielding, warmup strikes, no jewelry, horns 3, cold
resistance 1, frail 1, sense surroundings 2, shaggy fur 1, strong 1, gelatinous
body 2, pseudopods 3, translucent skin 1, evolution 1, sturdy frame 1
0: Orb of Zot
}: 5/15 runes: decaying, slimy, silver, abyssal, gossamer
a: Renounce Religion


You escaped.
You worshipped Elyvilon.
Elyvilon was noncommittal.
You visited 12 branches of the dungeon, and saw 56 of its levels.
You visited the Abyss 2 times.
You visited 1 ziggurat, and saw 10 of its levels.
You also visited: Trove and Ice Cave.

You collected 10744 gold pieces.
You spent 2135 gold pieces at shops.

Inventory:

Hand Weapons
 g - the +8 demon blade "Leech" {evervamp, Harm ^Drain rN+}
   (You found it on level 1 of the Depths)

   rN+:       It protects you from negative energy.
   ^Drain:    It drains your maximum health when unequipped.
   Harm:      It increases damage dealt and taken.
   Elyvilon disapproves of the use of such an item.
 A - a +6 double sword of flaming (weapon) {Ashmeen}
 S - a +9 demon blade of electrocution {Agustín}
 T - a +9 double sword of freezing (offhand) {Charoen}
 Z - a +9 vampiric demon blade {Yan}
Armour
 b - the +9 crystal plate armour "Joxkexa" {^Drain Fly Slay+5}
   (You found it in a treasure trove)

   Slay+5:    It affects your accuracy & damage with ranged weapons and melee
   (+5).
   Fly:       It grants you flight.
   ^Drain:    It drains your maximum health when unequipped.
 c - a scarf of resistance (worn)
 d - the +4 scale mail of Misanthropy {rC+++ rN+ Dex+4}
   (You found it on level 2 of the Spider Nest)

   Dex+4:     It affects your dexterity (+4).
   rC+++:     It renders you almost immune to cold.
   rN+:       It protects you from negative energy.
 i - the +3 pair of seven-league boots (worn) {Rampage+∞}
   (You found it in a treasure trove)

   Rampage+∞: When moving toward enemies, its wearer moves as far as possible,
   alerting their target en route.
 q - the +2 robe of Salvation {Regen+ Archmagi}
   (You took it off Boris on level 2 of the Depths)

   Regen+:    It increases your rate of health regeneration.
   Archmagi:  It increases the power of your magical spells.
 D - the +0 pair of gloves "Filel" {Dex+5}
   (You found it in a treasure trove)

   Dex+5:     It affects your dexterity (+5).
 E - the +0 pair of fencer's gloves (worn) {Riposte Dex+3}
   (You found it in a treasure trove)

   Riposte:   It allows the wearer to riposte with melee weapons, swiftly
   retaliating against missed or blocked melee attacks.
   Dex+3:     It affects your dexterity (+3).
 F - the +1 faerie dragon scales {rCorr Str+6}
   (You took it off the Enchantress on level 1 of the Depths)

   Str+6:     It affects your strength (+6).
   rCorr:     It protects you from acid and corrosion.
 L - +0 ice dragon scales
 N - the +3 leather armour "Kanit" {Rampage Slay+5}
   (You found it on level 5 of the Dungeon)

   Slay+5:    It affects your accuracy & damage with ranged weapons and melee
   (+5).
   Rampage:   It bestows one free step when moving towards enemies.
 O - the +0 helmet of Wotsiygo {rPois Str+2 Dex+4}
   (You bought it in a shop on level 1 of the Elven Halls)

   Str+2:     It affects your strength (+2).
   Dex+4:     It affects your dexterity (+4).
   rPois:     It protects you from poison
 U - the +7 crystal plate armour of Meuciamu {^Drain rN++ Str+3 Dex-5}
   (Okawaru gifted it to you on level 2 of the Lair of Beasts)

   Str+3:     It affects your strength (+3).
   Dex-5:     It affects your dexterity (-5).
   rN++:      It greatly protects you from negative energy.
   ^Drain:    It drains your maximum health when unequipped.
 V - a scarf of repulsion
 W - +0 fire dragon scales (worn)
Gizmo
 J - an ablative megaencabulator (installed) {RevParry, rElec rPois rCorr}
   (You invented it yourself on level 5 of the Lair of Beasts)

   [ablative megaencabulator]

   RevParry:  While fully Revved, you have +5 AC and your attacks may knock an
   enemy's weapon away.
   rElec:     It insulates you from electricity.
   rPois:     It protects you from poison rCorr: It protects you from acid and
   corrosion.
Wands
 v - a wand of digging (28)
Scrolls
 a - 5 scrolls of fog {@r2}
 e - a scroll of enchant armour
 m - 5 scrolls of revelation {@r5}
 n - 20 scrolls of teleportation {@r3}
 w - a scroll of fear
 x - 10 scrolls of vulnerability {!r}
 y - 8 scrolls of immolation
 I - 2 scrolls of summoning {!r}
 K - a scroll of silence {!r}
 Q - 6 scrolls of poison
 X - 2 scrolls of blinking {@r4}
 Y - 5 scrolls of amnesia
Potions
 f - 9 potions of berserk rage
 h - 7 potions of heal wounds {@q1}
 j - 13 potions of mutation
 l - 10 potions of enlightenment
 o - 7 potions of resistance
 p - 9 potions of invisibility
 r - 7 potions of cancellation
 s - 30 potions of curing {@q2}
 t - 8 potions of magic
 u - 11 potions of ambrosia
 z - 7 potions of might {@q3}
 C - 8 potions of haste {@q5}
 H - 10 potions of brilliance
 P - 9 potions of lignification
Miscellaneous
 k - a phantom mirror
 B - a tin of tremorstones (2/2)
 G - a phial of floods
 R - a lightning rod (4/4)


   Skills:
 + Level 25.0 Fighting
 - Level 16.0 Long Blades
 - Level 0.8 Throwing
 + Level 17.2 Armour
 + Level 22.3 Dodging
 - Level 15.0 Spellcasting
 - Level 16.0 Translocations
 - Level 15.0 Invocations


You had 50 spell levels left.
You knew the following spells:

 Your Spells              Type           Power      Damage    Failure   Level
b - Blink                 Tloc           100%       N/A       1%          2
m - Manifold Assault      Tloc           53%        N/A       1%          4

Your spell library contained the following spells:

 Spells                   Type           Power      Damage    Failure   Level
 Lesser Beckoning         Tloc           100%       N/A       1%          2
 Gell's Gravitas          Tloc           53%        N/A       1%          3
 Teleport Other           Tloc           53%        N/A       1%          3
 Volatile Blastmotes      Fire/Tloc      64%        2d15      1%          3
 Passage of Golubria      Tloc           53%        N/A       1%          4
 Dispersal                Tloc           26%        N/A       2%          6
 Dimensional Bullseye     Hex/Tloc       16%        N/A       4%          4
 Iskenderun's Mystic Bla  Conj/Tloc      32%        2d8       4%          4
 Vhi's Electric Charge    Tloc/Air       64%        N/A       4%          4
 Freeze                   Ice            40%        1d6       13%         1
 Kiss of Death            Conj/Necr      40%        2d8       13%         1
 Necrotise                Necr           40%        1d6       13%         1
 Sandblast                Erth           20%        2d7       13%         1
 Shock                    Conj/Air       40%        1d5       13%         1
 Slow                     Hex            40%        N/A       13%         1
 Sting                    Conj/Alch      40%        1d5       13%         1
 Summon Forest            Summ/Tloc      16%        N/A       13%         5
 Cigotuvi's Dreadful Rot  Necr/Alch/Air  20%        N/A       19%         2
 Ensorcelled Hibernation  Hex/Ice        20%        N/A       19%         2
 Mercury Vapours          Alch/Air       20%        N/A       19%         2
 Searing Ray              Conj           20%        2d5       19%         2
 Call Canine Familiar     Summ           10%        N/A       36%         3
 Confusing Touch          Hex            10%        N/A       36%         3
 Dazzling Flash           Conj/Hex       20%        N/A       36%         3
 Frozen Ramparts          Ice            20%        1d4       36%         3
 Hailstorm                Conj/Ice       10%        3d6       36%         3
 Inner Flame              Hex/Fire       10%        N/A       36%         3
 Mephitic Cloud           Conj/Alch/Air  10%        N/A       36%         3
 Sigil of Binding         Hex            10%        N/A       36%         3
 Stone Arrow              Conj/Erth      20%        3d8       36%         3
 Summon Ice Beast         Ice/Summ       10%        N/A       36%         3
 Swiftness                Air            10%        N/A       36%         3
 Vampiric Draining        Necr           10%        2d6       36%         3
 Disjunction              Tloc           26%        N/A       75%         8
 Airstrike                Air            5%         2d(1-17)  77%         4
 Brom's Barrelling Bould  Conj/Erth      10%        2d3       77%         4
 Dispel Undead            Necr           10%        3d9       77%         4
 Flame Wave               Conj/Fire      10%        2d6       77%         4
 Ignite Poison            Fire/Alch      10%        N/A       77%         4
 Leda's Liquefaction      Alch/Erth      5%         N/A       77%         4
 Martyr's Knell           Necr/Summ      10%        N/A       77%         4
 Olgreb's Toxic Radiance  Alch           10%        N/A       77%         4
 Sticky Flame             Fire/Alch      10%        2d5       77%         4
 Alistair's Intoxication  Alch           6%         N/A       98%         5
 Arcjolt                  Conj/Air       5%         1d15      98%         5
 Borgnjor's Vile Clutch   Necr/Erth      5%         N/A       98%         5
 Freezing Cloud           Conj/Ice/Air   5%         6-21      98%         5
 Irradiate                Conj/Alch      5%         3d13      98%         5
 Iskenderun's Battlesphe  Conj           10%        2d6       98%         5
 Lee's Rapid Deconstruct  Erth           5%         3d6*      98%         5
 Silence                  Hex/Air        5%         N/A       98%         5
 Summon Mana Viper        Hex/Summ       10%        N/A       98%         5
 Yara's Violent Unravell  Hex/Alch       5%         3d4       98%         5
 Malign Gateway           Summ/Tloc      16%        N/A       99%         7
 Bombard                  Conj/Erth      5%         9d2       100%        6
 Conjure Ball Lightning   Conj/Air       5%         3x3d6     100%        6
 Death Channel            Necr           5%         N/A       100%        6
 Eringya's Noxious Bog    Alch           5%         4d6       100%        6
 Sculpt Simulacrum        Ice/Alch       5%         N/A       100%        6
 Starburst                Conj/Fire      5%         6d4       100%        6
 Summon Cactus Giant      Summ           5%         N/A       100%        6
 Haunt                    Necr/Summ      5%         N/A       100%        7
 Ozocubu's Refrigeration  Ice            5%         4d8       100%        7
 Spellforged Servitor     Conj/Summ      5%         N/A       100%        7
 Summon Hydra             Summ           5%         N/A       100%        7
 Borgnjor's Revivificati  Necr           5%         N/A       100%        8
 Discord                  Hex            5%         N/A       100%        8
 Ignition                 Fire           5%         3d4       100%        8
 Lehudib's Crystal Spear  Conj/Erth      5%         10d3      100%        8
 Maxwell's Capacitive Co  Air            5%         ∞         100%        8
 Summon Horrible Things   Summ           5%         N/A       100%        8
 Death's Door             Necr           5%         N/A       100%        9
 Polar Vortex             Ice            5%         N/A       100%        9


Dungeon Overview and Level Annotations

Branches:
Dungeon (15/15)            Temple (1/1) D:4            Lair (5/5) D:9
  Swamp (4/4) Lair:2       Spider (4/4) Lair:2        Slime (5/5) Lair:5
    Orc (2/2) D:10            Elf (3/3) Orc:2        Vaults (5/5) D:13
  Crypt (3/3) Vaults:2       Tomb (0/3) Crypt:3      Depths (4/4) D:15
    Zot (5/5) Depths:4      IceCv (visited)

Altars:
Ashenzari
Cheibriados
Dithmenos
Elyvilon
Fedhas
Gozag
Hepliaklqana
Kikubaaqudgha
Makhleb
Nemelex Xobeh
Okawaru
Qazlal
Ru
Sif Muna
Trog
Uskayaw
Vehumet
Wu Jian
Xom
Yredelemnul
Zin
The Shining One
Beogh
Jiyva
Lugonu

Shops:
D:6 *   Orc:2 *!:*   Elf:1 [   Elf:2 :   Elf:3 [   Vaults:1 *   Depths:1 :
Depths:2 !

Portals:
Hell: Depths:1 Depths:2 Depths:3 Depths:4
Abyss: Lair:5 Depths:2 Depths:3
Pandemonium: Depths:2

Annotations:
Slime:5 Royal Jelly
Zot:3 1 transporter, Tiamat


Innate Abilities, Weirdness & Mutations

You can wield a second weapon in your off-hand.
It takes a long time for you to wield or remove held weapons.
Your first few attacks do less damage.
You cannot equip rings or amulets.
You have a pair of large horns on your head.
Your flesh is cold resistant. (rC+)
You are frail. (-10% HP)
You passively map the area around you.
You are covered in fur. (AC +1)
Your muscles are strong. (Str +4, Int/Dex -1)
Your pliable body absorbs attacks. (AC +2, EV +2)
Armour fits poorly on your massive pseudopods.
Your translucent skin slightly reduces your foes' accuracy. (Stealth+)
You have hidden genetic potential.
Your movements are slightly less encumbered by armour. (ER -2)


Message History

The efreet is moderately wounded.
You barely miss the efreet with your +6 double sword of flaming.
You hit the efreet with your +9 double sword of freezing.
You freeze the efreet. You headbutt the efreet!
You bludgeon the efreet, but do no damage.
The efreet is severely wounded.
You hit the efreet but do no damage.
You slash the efreet with your +9 double sword of freezing!
You freeze the efreet.
You kill the efreet!
There is a stone staircase leading up here.
You see here a +0 scimitar of flaming.
You climb upwards.
There is a stone staircase leading down here.
There is a stone staircase leading up here.
You climb upwards.
There is a stone staircase leading down here.
HP restored.
You see here a bat skeleton.
There is a stone staircase leading up here.
You climb upwards.
A tormentor comes into view.
There is a stone staircase leading down here.
Space momentarily warps into an impossible shape!
You hit the tormentor with your +6 double sword of flaming.
You burn the tormentor.
You closely miss the tormentor with your +9 double sword of freezing.
Space momentarily warps into an impossible shape!
You cut the tormentor into ribbons with your +9 double sword of freezing!!!
You freeze the tormentor.
You kill the tormentor!
You see here a +0 short sword.
Magic restored.
Aiming: Dig
Press: ? - help, Q - select action, (/) - cycle Shift-Dir - straight line You can't see that place. [the floor.]
The rock shatters into small pieces.
There is a staircase leading out of the dungeon here.
You have escaped!

#.............. #.##.##.#######
#.##.##.#...... #.##.##.#......
## #.##.##.#......
#####.##########.#......
#.............#..#......
#.............####......
#......@......# ####.##
#.............### #.#
#.............#.#####.## #######
######.ß..#####.##...... ......#
#..[#...##......... .####.#
#.ß.#.........#####
.####.#########...#..............
.#.........#..#.ß.#......##.#####
.#.##.####....#...#.....(##......


There were no monsters in sight!

Vanquished Creatures
  4 dread liches
  3 orbs of fire
  3 ancient liches (Zot:5)
  Mara (Spider:3)
  Boris (Depths:2)
  11 Killer Klowns (Zot:5)
  3 caustic shrikes (Depths:4)
  12 golden dragons
  A profane servitor (Crypt:3)
  the Enchantress (Depths:1)
  Arachne (Spider:2)
  Jory (Crypt:2)
  2 bone dragons
  3 electric golems (Zot:5)
  5 liches
  Rupert (Lair:5)
  6 quicksilver dragons
  27 Orb Guardians
  4 deep elf master archers
  14 tentacled monstrosities
  11 titans
  4 deep elf blademasters
  The ghost of Nilihum the Warrior, an adept CoGl of Wu Jian (Spider:2)
  2 tentacled starspawn
  7 death cobs
  4 ancient champions
  Kirke (Lair:5)
  2 thorn hunters (Abyss:3)
  12 tengu reavers
  15 storm dragons
  7 shadow dragons
  7 draconian knights
  3 revenants
  7 draconian monks
  5 emperor scorpions (Spider:4)
  4 protean progenitors
  7 draconian shifters
  5 deep elf sorcerers
  19 frost giants
  3 iron dragons
  16 vault wardens
  5 draconian scorchers
  14 fire giants
  5 deep elf elementalists
  10 ghost moths
  A balrug (D:4)
  2 curse skulls (Crypt:3)
  2 juggernaut zombies (Depths:2)
  9 orc warlords
  4 draconian stormcallers
  A broodmother (Spider:3)
  12 ghouls
  10 very ugly things
  15 ironbound preservers
  4 draconian annihilators
  A reaper (D:4)
  A juggernaut skeleton (Crypt:1)
  9 ironbound thunderhulks
  22 stone giants
  3 spriggan defenders (Depths:1)
  7 vampire knights
  2 caustic shrike skeletons (Depths:2)
  8 eleionomae
  A lorocyproca (Abyss:3)
  6 green draconians
  7 deep elf death magi
  5 purple draconians
  4 war gargoyles
  11 yellow draconians
  11 deep elf demonologists
  5 dire elephants
  9 black draconians
  9 red draconians
  11 white draconians
  6 bunyips
  11 deep elf annihilators
  6 eidola
  A minotaur (Vaults:2)
  3 merfolk javelineers
  6 spark wasps
  11 ettins
  A mummy priest (Crypt:3)
  2 crystal guardians
  A green death (Abyss:3)
  12 jiangshi
  12 yaktaur captains
  5 deep elf high priests
  2 merfolk impalers
  A shambling mangrove (Swamp:4)
  Josephine (D:12)
  9 entropy weavers
  Fannar (Lair:2)
  6 spriggan zombies
  20 ice dragons
  5 fire dragons
  An entropy weaver (shapeshifter) (Lair:5)
  11 hydras
  4 spriggan air magi
  2 quicksilver dragon skeletons
  34 vault guards
  Erolcha (D:12)
  A spriggan skeleton (Depths:2)
  2 ghost crabs
  4 ogre magi
  4 peacekeepers
  2 rakshasas (Abyss:3)
  A fenstrider witch skeleton (Crypt:1)
  2 catoblepae
  8 centaur warriors
  A merfolk aquamancer (Zig:6)
  Erica (D:11)
  2 radroaches
  2 jorogumos (Spider:4)
  12 alligators
  32 dancing weapons
  10 ironbound frosthearts
  6 death knights
  7 boulder beetles
  An alligator snapping turtle (Zig:6)
  12 two-headed ogres
  A sphinx skeleton (Depths:2)
  6 thrashing horrors
  8 death scarabs (Spider:4)
  3 orc high priests (Vaults:4)
  10 deep troll earth magi
  6 spriggan berserkers
  4 vampire magi
  5 deep troll shamans (Depths:2)
  7 demonic crawlers
  7 tengu warriors
  An occultist (Depths:1)
  2 titan skeletons
  A shock serpent (shapeshifter) (Vaults:5)
  A titan zombie (Crypt:3)
  The ghost of Flugkiller the Cleaver, a novice MDCK of Xom (D:7)
  A storm dragon zombie (Depths:2)
  Nergalle (D:12)
  Urug (D:12)
  8 hell knights
  26 deep elf knights
  A soul eater (Crypt:2)
  A naga warrior (Vaults:2)
  6 iron trolls
  A skyshark (shapeshifter) (Vaults:5)
  27 skeletal warriors
  A ghost moth zombie (Crypt:1)
  5 goliath frogs
  5 skysharks
  A sun moth (Spider:2)
  35 deep trolls
  A sun moth (shapeshifter) (Depths:4)
  6 flayed ghosts
  7 pharaoh ants
  A shadow demon (Temple)
  An orb spider (shapeshifter) (Depths:3)
  8 bog bodies
  Pikel (D:8)
  A spriggan simulacrum (Crypt:1)
  9 orb spiders
  2 mana vipers (shapeshifter) (Vaults:5)
  A sea snake (Zig:6)
  A golden dragon skeleton (Crypt:1)
  An orange crystal statue (IceCv)
  A spectral wolf spider (Spider:4)
  5 arcanists
  4 harpies
  5 spriggan druids
  18 deep elf archers
  6 swamp dragons
  9 steelbarb worms
  27 orc knights
  A lindwurm (shapeshifter) (Spider:4)
  9 ironbound convokers
  A thermic dynamo (Elf:1)
  A harpy (shapeshifter) (Vaults:5)
  39 deep elf zephyrmancers
  3 tengu zombies (Depths:2)
  A faun (Zot:5)
  10 lindwurms
  12 necromancers
  A fire giant zombie (Crypt:1)
  A stone giant zombie (Crypt:3)
  28 phantasmal warriors
  34 ugly things
  29 deep elf pyromancers
  2 orc sorcerers
  21 wolf spiders
  3 manticores
  2 tengu skeletons
  3 will-o-the-wisps
  2 salamanders
  6 large abominations
  A frost giant zombie (Depths:2)
  4 worldbinders (Abyss:3)
  Maurice (D:7)
  Joseph (D:8)
  An iron dragon skeleton (Depths:2)
  8 cyclopes
  19 elephants
  An orange demon (Abyss:3)
  5 torpor snails
  16 vault sentinels
  4 black mambas
  3 meliai (D:13)
  An apocalypse crab (Abyss:3)
  29 moths of wrath
  2 fire giant skeletons (Depths:2)
  A dire elephant zombie (Crypt:3)
  6 ice statues
  3 smoke demons
  5 water nymphs
  A gargoyle (D:11)
  A naga mage (Vaults:2)
  A cane toad (shapeshifter) (Elf:2)
  16 cane toads
  An alligator snapping turtle zombie (Crypt:3)
  28 yaktaurs
  An efreet (D:4)
  A pale draconian zombie (Crypt:2)
  10 rime drakes
  2 yaktaur zombies
  18 freezing wraiths
  8 unseen horrors
  An elf zombie (Vaults:1)
  A tormentor (D:1)
  2 spectral redbacks (Spider:4)
  2 bunyip simulacra (Crypt:1)
  8 komodo dragons
  13 trolls
  4 tengu conjurers
  A minotaur skeleton (Crypt:2)
  5 guardian mummies
  4 ice devils
  10 merfolk
  3 ancient zymes
  3 harpy zombies
  2 spectral tarantellas (Spider:4)
  A polar bear (shapeshifter) (Lair:5)
  15 polar bears
  19 tarantellas
  A hornet (shapeshifter) (Lair:5)
  Grinder (D:3)
  A bloated husk (Swamp:4)
  6 raiju
  2 jumping spider zombies (Spider:4)
  A tarantella zombie (Spider:4)
  4 spectral jumping spiders (Spider:4)
  A wind drake (Zig:3)
  37 blink frogs
  12 hornets
  5 tyrant leeches
  8 dream sheep (Lair:4)
  26 culicivoras
  A snapping turtle (Vaults:1)
  27 jumping spiders
  2 ynoxinuls (Lair:5)
  11 water elementals
  A centaur simulacrum (Crypt:1)
  5 air elementals
  2 shadows
  An elf skeleton (Vaults:1)
  15 spriggans
  9 basilisks
  11 wraiths
  18 humans
  16 small abominations
  3 wyverns
  2 dire elephant simulacra
  40 yaks
  A human (shapeshifter) (Elf:3)
  7 wargs
  An alligator snapping turtle simulacrum (Crypt:1)
  5 hogs (Lair:5)
  4 swamp worm simulacra (Swamp:4)
  2 steam dragons
  7 fire elementals
  Grum (D:9)
  20 vampire mosquitoes
  A two-headed ogre zombie (Crypt:3)
  6 chaos spawn
  57 redbacks
  A merfolk zombie (Crypt:1)
  16 swamp worms
  An ogre zombie (Vaults:1)
  A demonspawn zombie (Crypt:2)
  A harpy simulacrum (Lair:1)
  A glowing shapeshifter zombie (Vaults:3)
  A naga (Vaults:2)
  4 acid dragons
  A deep troll skeleton (Crypt:2)
  A naga zombie (Crypt:3)
  19 water moccasins
  4 swamp drakes
  12 hydra simulacra (Swamp:4)
  An ice beast (D:8)
  A glowing shapeshifter skeleton (Vaults:3)
  19 orc warriors
  15 laughing skulls
  8 boggarts
  A black bear (shapeshifter) (Abyss:2)
  25 ogres
  14 wolves
  4 centaurs (D:13)
  3 lemures (D:8)
  5 phantoms
  2 kobold brigands
  A weeping skull (Abyss:3)
  2 gnoll sergeants (D:7)
  12 bullfrogs
  A two-headed ogre simulacrum (Lair:1)
  4 earth elementals
  3 scorpions
  22 wights
  10 wyvern skeletons (Crypt:3)
  14 killer bees
  5 howler monkeys
  An electric eel (D:11)
  2 bombardier beetles
  3 centaur zombies
  10 orc priests
  3 hounds
  3 human skeletons (Crypt:1)
  An iron imp (Abyss:3)
  A jelly (D:5)
  4 starcursed masses
  An iguana (D:5)
  4 scorpion zombies (D:4)
  Natasha (thrice) (D:3)
  17 orc wizards
  A boggart skeleton (Crypt:2)
  A hound zombie (D:4)
  5 mummies
  Robin (D:3)
  8 adders
  4 gnolls (D:6)
  A shadow imp (D:6)
  3 white imps
  4 ufetubi
  3 swamp drake simulacra (Swamp:4)
  3 adder skeletons (D:4)
  An adder zombie (D:4)
  2 dart slugs
  2 ribbon worms
  63 orcs
  4 ball pythons
  9 endoplasms
  7 giant cockroaches
  14 hobgoblins
  5 quokkas
  7 bats
  4 frilled lizards
  8 goblins
  A jackal skeleton (Crypt:2)
  18 kobolds
  5 rats
  6 aspiring fleshes
  A lurking horror (Abyss:3)
  A starspawn tentacle (Abyss:3)
2418 creatures vanquished.

Vanquished Creatures (collateral kills)
  A titan (Vaults:4)
  A black draconian (Vaults:4)
  An iron troll (Depths:2)
  A smoke demon (Abyss:3)
4 creatures vanquished.

Vanquished Creatures (others)
  A sphinx (Vaults:2)
  A formless jellyfish (Vaults:2)
  2 ironbound thunderhulks
  A stone giant (Vaults:3)
  A black draconian (Zig:9)
  10 great orbs of eyes
  An ogre mage (Vaults:1)
  A two-headed ogre (shapeshifter) (Vaults:5)
  A fire crab (shapeshifter) (Vaults:5)
  An arcanist (Vaults:4)
  An ironbound convoker (Vaults:2)
  2 orc knights (Vaults:2)
  A shining eye (Depths:4)
  A vault sentinel (Vaults:2)
  2 eyes of devastation (Depths:4)
  A cane toad (Lair:1)
  An eye of devastation (shapeshifter) (Vaults:1)
  An unseen horror (Depths:2)
  A rime drake (IceCv)
  A yaktaur (Vaults:3)
  2 bloated husks
  A merfolk (shapeshifter) (Vaults:5)
  13 slime creatures
  2 glass eyes
  A yak (Lair:1)
  A swamp dragon skeleton (Crypt:1)
  3 wyvern skeletons (Crypt:3)
  112 jellies
  An orc (Vaults:5)
  8 foxfires
  A starspawn tentacle (Abyss:3)
177 creatures vanquished.

Grand Total: 2599 creatures vanquished

Notes
Turn   | Place    | Note
-------+----------+-------------------------------------------
     0 | D:1      | tiapride the Coglin Warper began the quest for the Orb.
     0 | D:1      | Reached XP level 1. HP: 16/16 MP: 3/3
    28 | D:1      | Reached skill level 1 in Armour
   102 | D:1      | Reached XP level 2. HP: 22/22 MP: 4/4
   383 | D:1      | Reached XP level 3. HP: 24/27 MP: 5/5
  1386 | D:2      | Reached XP level 4. HP: 24/34 MP: 6/6
  1862 | D:3      | Noticed Natasha
  1869 | D:3      | Killed Natasha
  1900 | D:3      | Noticed Natasha
  1909 | D:3      | Killed Natasha
  1910 | D:3      | Reached XP level 5. HP: 28/40 MP: 7/7
  2233 | D:3      | Noticed Natasha
  2239 | D:3      | Killed Natasha
  2240 | D:3      | Reached skill level 3 in Fighting
  2404 | D:3      | Noticed Robin
  2417 | D:3      | Killed Robin
  2712 | D:3      | Noticed Grinder
  2723 | D:3      | Paralysed by Grinder for 3 turns
  2728 | D:3      | Killed Grinder
  2729 | D:3      | Reached XP level 6. HP: 23/47 MP: 8/8
  2844 | D:3      | Found a faded altar of an unknown god.
  2855 | D:3      | Learned a level 2 spell: Blink
  2879 | D:4      | Found a burning altar of Makhleb.
  2902 | D:4      | Reached XP level 7. HP: 12/52 MP: 9/9
  2908 | D:4      | HP: 2/52 [adder (3)]
  3164 | D:4      | Reached skill level 5 in Long Blades
  3288 | D:4      | Reached skill level 4 in Fighting
  3477 | D:4      | Found a staircase to the Ecumenical Temple.
  3529 | Temple   | Entered the Ecumenical Temple
  3770 | Temple   | Became a worshipper of Warmaster Okawaru
  4033 | D:4      | Reached XP level 8. HP: 61/61 MP: 10/10
  4262 | D:4      | Found a glowing silver altar of Zin.
  4279 | D:4      | Found a roughly hewn altar of Beogh.
  4287 | D:4      | Reached * piety under Okawaru
  4495 | D:5      | Entered Level 5 of the Dungeon
  4755 | D:5      | Reached skill level 1 in Invocations
  4920 | D:5      | Identified the +3 leather armour "Kanit" {Rampage Slay+5}
  5067 | D:5      | Reached skill level 5 in Fighting
  5778 | D:6      | Found Vogiecra's Assorted Antiques.
  5786 | D:6      | Bought a scroll labelled EHEZAU ZUJ GAM for 22 gold pieces
  5786 | D:6      | Bought a scroll labelled CAECER PEZYRCH for 22 gold pieces
  5786 | D:6      | Bought a puce potion for 19 gold pieces
  6095 | D:6      | You fall into a shaft and drop 1 floor!
  6100 | D:7      | Noticed a two-headed ogre
  6101 | D:7      | Noticed Flugkiller's ghost (novice MDCK)
  6136 | D:7      | Found a transporter.
  6137 | D:7      | Found a bloodstained altar of Trog.
  6139 | D:7      | Noticed a moth of wrath
  6145 | D:7      | Found a transporter.
  6151 | D:7      | Noticed Maurice
  6201 | D:6      | Reached XP level 9. HP: 68/68 MP: 11/11
  6255 | D:7      | Something stole 3 poisoned darts
  6356 | D:7      | Killed Maurice
  6356 | D:7      | Reached ** piety under Okawaru
  6398 | D:7      | Reached skill level 5 in Dodging
  7190 | D:8      | Reached skill level 6 in Fighting
  7298 | D:8      | Noticed Joseph
  7314 | D:8      | Killed Joseph
  7314 | D:8      | Reached *** piety under Okawaru
  7315 | D:8      | Reached XP level 10. HP: 20/76 MP: 13/13
  7528 | D:8      | Found an ornate altar of the Wu Jian Council.
  7556 | D:8      | Noticed Pikel
  7580 | D:8      | Killed Pikel
  7580 | D:8      | Reached **** piety under Okawaru
  7581 | D:8      | Reached skill level 5 in Invocations
  7766 | D:8      | Found a sacrificial altar of Ru.
  8262 | D:9      | Noticed a two-headed ogre
  8268 | D:9      | Killed a two-headed ogre
  8421 | D:9      | Noticed Grum
  8623 | D:9      | Reached skill level 7 in Fighting
  8649 | D:9      | Found a staircase to the Lair.
  8783 | D:9      | Reached skill level 10 in Long Blades
  9604 | D:9      | Killed Grum
  9605 | D:9      | Reached XP level 11. HP: 30/84 MP: 14/14
  9959 | D:10     | Entered Level 10 of the Dungeon
  9991 | D:10     | Found an opulent altar of Gozag.
  9995 | D:10     | Reached ***** piety under Okawaru
 10477 | D:10     | Found a hide-covered altar of Uskayaw.
 10542 | D:10     | Noticed a two-headed ogre
 10550 | D:10     | Killed a two-headed ogre
 10550 | D:10     | Received a gift from Okawaru
 10551 | D:10     | Reached skill level 8 in Fighting
 10685 | D:10     | Found a broken altar of Ashenzari.
 10689 | D:10     | Found a shimmering altar of Xom.
 10689 | D:10     | Found a sparkling altar of Nemelex Xobeh.
 10691 | D:10     | Found a blossoming altar of Fedhas.
 10694 | D:10     | Found a glowing golden altar of the Shining One.
 10792 | D:10     | Found a staircase to the Orcish Mines.
 10939 | Lair:1   | Entered Level 1 of the Lair of Beasts
 11021 | Lair:1   | Noticed a bog body
 11349 | D:9      | Killed a bog body
 11484 | Lair:1   | Received a gift from Okawaru
 11880 | Lair:1   | Reached skill level 9 in Fighting
 11916 | Lair:1   | Reached XP level 12. HP: 95/95 MP: 15/15
 12646 | Lair:2   | Noticed Fannar
 12782 | Lair:2   | Noticed a skyshark
 12804 | Lair:2   | Received a gift from Okawaru
 12810 | Lair:2   | Killed a skyshark
 12811 | Lair:2   | Reached skill level 10 in Fighting
 12895 | Lair:2   | Found a hole to the Spider Nest.
 13361 | Lair:2   | Noticed a skyshark
 13389 | Lair:2   | Killed a skyshark
 13389 | Lair:2   | Received a gift from Okawaru
 13501 | Lair:2   | Killed Fannar
 13771 | Lair:2   | Reached XP level 13. HP: 99/103 MP: 19/19
 13892 | Lair:2   | Found a staircase to the Swamp.
 14164 | Lair:2   | Reached ****** piety under Okawaru
 14274 | Lair:2   | Acquired the +7 crystal plate armour of Meuciamu {^Drain
                  | rN++ Str+3 Dex-5}
 14274 | Lair:2   | Received a gift from Okawaru
 14275 | Lair:2   | Acquired a +6 demon blade of electrocution
 14275 | Lair:2   | Received a gift from Okawaru
 14364 | Lair:3   | Reached skill level 5 in Spellcasting
 14393 | Lair:3   | Received a gift from Okawaru
 15906 | Lair:3   | Received a gift from Okawaru
 16760 | Lair:5   | Entered Level 5 of the Lair of Beasts
 16761 | Lair:5   | Noticed Rupert
 16768 | Lair:5   | Received a gift from Okawaru
 16900 | Lair:5   | Noticed Kirke
 16928 | Lair:5   | Killed Kirke
 16929 | Lair:5   | Reached XP level 14. HP: 92/111 MP: 26/26
 16929 | Lair:5   | Acquired an ablative megaencabulator {RevParry, rElec rPois
                  | rCorr}
 17317 | Lair:5   | Received a gift from Okawaru
 17323 | Lair:5   | Reached skill level 5 in Translocations
 17463 | Lair:5   | Reached skill level 11 in Fighting
 17686 | Lair:5   | Received a gift from Okawaru
 17925 | Lair:5   | Received a gift from Okawaru
 18005 | Lair:5   | Found a corrupted altar of Lugonu.
 18005 | Lair:5   | Found a one-way gate to the infinite horrors of the Abyss.
 18236 | Lair:5   | Killed Rupert
 18273 | Lair:5   | Found a viscous altar of Jiyva.
 18274 | Lair:5   | Found a staircase to the Slime Pits.
 18518 | Lair:5   | Reached XP level 15. HP: 108/120 MP: 28/28
 18967 | Orc:1    | Entered Level 1 of the Orcish Mines
 19060 | Orc:1    | Received a gift from Okawaru
 19182 | Orc:2    | Entered Level 2 of the Orcish Mines
 19187 | Orc:2    | Found Jikhlanleu's Distillery.
 19187 | Orc:2    | Found Cobeunam's Assorted Antiques.
 19204 | Orc:2    | Reached skill level 10 in Dodging
 19596 | Orc:1    | Learned a level 4 spell: Manifold Assault
 19613 | Orc:2    | Found a staircase to the Elven Halls.
 19722 | Orc:2    | Reached skill level 12 in Fighting
 19742 | Orc:2    | Found Seonoira's Book Shop.
 19761 | Orc:2    | Found Yrogg's General Store.
 19778 | Orc:2    | Received a gift from Okawaru
 19779 | Orc:2    | Reached skill level 10 in Spellcasting
 19990 | Orc:2    | Bought a potion of heal wounds for 70 gold pieces
 19990 | Orc:2    | Bought a potion of heal wounds for 70 gold pieces
 19990 | Orc:2    | Bought a potion of curing for 42 gold pieces
 19990 | Orc:2    | Bought a potion of berserk rage for 70 gold pieces
 20718 | Orc:2    | Bought a faintly humming scale mail for 270 gold pieces
 20718 | Orc:2    | Identified the +1 scale mail "Abrytwil" {Rampage Int-3
                  | Stlth+} (You bought it in a shop on level 2 of the Orcish
                  | Mines)
 20718 | Orc:2    | Bought a glowing scarf for 240 gold pieces
 21223 | D:11     | Noticed Erica
 21225 | D:11     | Killed Erica
 21950 | D:12     | Noticed Erolcha
 21955 | D:12     | Killed Erolcha
 21956 | D:12     | Reached skill level 15 in Long Blades
 22145 | D:12     | Noticed Nergalle
 22149 | D:12     | Killed Nergalle
 22211 | D:12     | Noticed Urug
 22214 | D:12     | Killed Urug
 22519 | D:12     | Received a gift from Okawaru
 22519 | D:12     | Noticed Josephine
 22521 | D:12     | Killed Josephine
 23515 | Abyss:2  | Cast into level 2 of the Abyss (meliai)
 23600 | Abyss:2  | Noticed a tentacled starspawn
 23628 | D:13     | Escaped the Abyss
 23629 | D:13     | Received a gift from Okawaru
 24064 | D:13     | Reached XP level 16. HP: 127/129 MP: 26/30
 24420 | D:13     | Found a gate to the Vaults.
 24433 | D:13     | Reached skill level 13 in Fighting
 25594 | D:14     | Received a gift from Okawaru
 25750 | D:14     | Reached skill level 10 in Translocations
 26468 | D:15     | Entered Level 15 of the Dungeon
 26479 | D:15     | Reached skill level 14 in Fighting
 26639 | D:15     | Found a shadowy altar of Dithmenos.
 27024 | D:15     | Found a staircase to the Depths.
 27333 | D:15     | Received a gift from Okawaru
 27819 | Swamp:1  | Entered Level 1 of the Swamp
 28040 | Swamp:1  | Reached skill level 15 in Fighting
 29201 | Swamp:2  | Received a gift from Okawaru
 29202 | Swamp:2  | Reached XP level 17. HP: 125/142 MP: 1/31
 29500 | Swamp:2  | Identified the +2 trident "Noler" {freeze, *Slow rElec
                  | Dex+3 SInv}
 31673 | Swamp:4  | Entered Level 4 of the Swamp
 31732 | Swamp:4  | Received a gift from Okawaru
 31951 | Spider:1 | Entered Level 1 of the Spider Nest
 32738 | Spider:1 | Identified the +4 hand axe "Boumnaaho" {heavy, +Blink rN+
                  | Str-3 Stlth+}
 33577 | Spider:2 | Identified the +5 hand axe of Purpose {drain, rPois Int+2}
 33689 | Spider:2 | You fall into a shaft and drop 1 floor!
 33763 | Spider:2 | Noticed Nilihum's ghost (adept CoGl)
 33765 | Spider:2 | Found a runed translucent door.
 33984 | Spider:2 | Received a gift from Okawaru
 34117 | Spider:2 | Identified the +4 scale mail of Misanthropy {rC+++ rN+
                  | Dex+4}
 34435 | Spider:2 | Noticed Arachne
 34444 | Spider:2 | Killed Arachne
 34892 | Spider:3 | Reached skill level 10 in Invocations
 35330 | Spider:3 | Reached XP level 18. HP: 149/149 MP: 27/32
 35576 | Spider:3 | Received a gift from Okawaru
 35738 | Spider:3 | Noticed Mara
 35746 | Spider:3 | Noticed tiapride's illusion
 35749 | Spider:3 | Killed Mara
 36219 | Spider:3 | Identified the +7 hand axe "Culyuwk" {freeze, rCorr MP+9}
 36594 | Spider:3 | Identified a scroll of acquirement
 36656 | Spider:4 | Entered Level 4 of the Spider Nest
 37257 | Spider:4 | Received a gift from Okawaru
 38231 | Spider:4 | Received a gift from Okawaru
 38855 | Spider:4 | Got a gossamer rune of Zot
 39383 | Swamp:4  | Reached XP level 19. HP: 145/155 MP: 1/33
 39810 | Swamp:4  | Reached skill level 15 in Translocations
 40470 | Swamp:4  | Received a gift from Okawaru
 40877 | Swamp:4  | Got a decaying rune of Zot
 41267 | Elf:1    | Entered Level 1 of the Elven Halls
 41312 | Elf:1    | Reached skill level 15 in Dodging
 41338 | Elf:1    | Paralysed by an air elemental for 1 turns
 41398 | Elf:1    | Found a glacial archway.
 41408 | IceCv    | Entered an ice cave
 42069 | IceCv    | Received a gift from Okawaru
 42795 | Elf:1    | Reached skill level 5 in Armour
 42999 | Elf:1    | Found a transporter.
 43001 | Elf:1    | Found Heushed's Antique Armour Emporium.
 43160 | Elf:1    | Received a gift from Okawaru
 43360 | Elf:1    | Found a transporter.
 43370 | Elf:1    | Bought a dazzling helmet for 313 gold pieces
 43370 | Elf:1    | Identified the +0 helmet of Wotsiygo {rPois Str+2 Dex+4}
                  | (You bought it in a shop on level 1 of the Elven Halls)
 44461 | Elf:2    | Found a runed translucent gate.
 44462 | Elf:2    | Found a runed translucent gate.
 44467 | Elf:2    | Found a runed translucent gate.
 44600 | Elf:2    | Reached XP level 20. HP: 163/163 MP: 10/34
 45013 | Elf:2    | Found Piliuzxo's Book Shop.
 45024 | Elf:2    | Received a gift from Okawaru
 45843 | Elf:2    | Received a gift from Okawaru
 46014 | Elf:2    | Reached skill level 16 in Fighting
 46322 | Elf:3    | Entered Level 3 of the Elven Halls
 47382 | Elf:3    | Identified the +1 scale mail "Ejocsae" {Rampage rElec}
 47386 | Elf:3    | Identified the +10 long sword of Jumitum {flame, rC+
                  | Will+++ SInv Stlth-}
 47510 | Elf:3    | Received a gift from Okawaru
 48318 | Elf:3    | Identified the +10 long sword "Kiafeq" {venom, rF+ Str+3
                  | Dex+2}
 48392 | Elf:3    | Got the Guidebook on Direction
 48395 | Elf:3    | Identified the +1 sling "Woferugi" {drain, Int+4 Dex+3}
 48431 | Elf:3    | Identified the +0 halberd of the Empty Page {antimagic,
                  | rF++ rC+ rN+}
 48996 | Elf:3    | Found Qagocw's Antique Armour Boutique.
 49038 | Elf:3    | Bought a shimmering leather armour for 301 gold pieces
 49038 | Elf:3    | Identified the +2 leather armour of the Thinker {Dex+3}
                  | (You bought it in a shop on level 3 of the Elven Halls)
 49065 | Elf:3    | Identified the +6 shortbow of Integrity {heavy, MP-9 Int+5}
 49072 | Elf:3    | Identified the +0 chain mail of Rugimam {+Blink}
 49101 | Elf:3    | Identified the +0 crystal plate armour of the Ecumenical
                  | Temple {Harm rC+}
 49442 | D:7      | Killed Flugkiller's ghost
 49729 | Spider:2 | Killed Nilihum's ghost
 50067 | Lair:5   | Fell from the grace of Okawaru
 50067 | Lair:5   | Became a worshipper of Jiyva Joremp the Shapeless
 50303 | Vaults:1 | Entered Level 1 of the Vaults
 50493 | Vaults:1 | Reached XP level 21. HP: 142/171 MP: 25/36
 50655 | Vaults:1 | Identified the +5 falchion of Risk Management {vamp, +Blink
                  | rElec}
 50855 | Vaults:1 | Reached * piety under Jiyva
 51262 | Vaults:1 | Identified the +1 kite shield "Pybeg" {^Contam +Blink rC+++
                  | SInv}
 51269 | Vaults:1 | Found Byod's General Store.
 51277 | Vaults:1 | Bought a potion of invisibility for 128 gold pieces
 51277 | Vaults:1 | Bought a scroll of enchant weapon for 120 gold pieces
 51320 | Vaults:1 | Reached ** piety under Jiyva
 51602 | Vaults:2 | Reached skill level 17 in Fighting
 51766 | Vaults:2 | Found a staircase to the Crypt.
 52039 | Vaults:2 | Reached *** piety under Jiyva
 52894 | Vaults:2 | Gained mutation: A frigid envelope surrounds you and
                  | freezes all who hurt you. [Jiyva's grace]
 52894 | Vaults:2 | Gained mutation: You have a pair of small horns on your
                  | head. [Jiyva's grace]
 52894 | Vaults:2 | Gained mutation: You have a pair of horns on your head.
                  | [Jiyva's grace]
 52894 | Vaults:2 | Gained mutation: You have a pair of large horns on your
                  | head. [Jiyva's grace]
 53620 | Vaults:3 | Reached **** piety under Jiyva
 53786 | Vaults:3 | Found the +27 heavy crossbow "Sniper" {heavy, Acc+∞ SInv}
 53811 | Vaults:3 | Reached skill level 18 in Fighting
 54517 | Vaults:4 | Reached ***** piety under Jiyva
 54625 | Vaults:4 | Reached XP level 22. HP: 184/184 MP: 38/38
 54861 | Vaults:4 | Reached skill level 10 in Armour
 55194 | Vaults:4 | Found a portal to a secret trove of treasure.
 55243 | Vaults:4 | Was forgiven by Okawaru
 55286 | Vaults:4 | Gained mutation: Your mind is acute. (Int +4, Str/Dex -1)
                  | [Jiyva's grace]
 55286 | Vaults:4 | Gained mutation: Your mind is very acute. (Int +8, Str/Dex
                  | -2) [Jiyva's grace]
 55286 | Vaults:4 | Gained mutation: You are somewhat resistant to further
                  | mutation. [Jiyva's grace]
 55286 | Vaults:4 | Gained mutation: You are somewhat resistant to both further
                  | mutation and mutation removal. [Jiyva's grace]
 55763 | Vaults:4 | You paid a toll of +3 shadow dragon scales to enter a
                  | treasure trove
 55764 | Trove    | Entered a treasure trove
 55766 | Trove    | Found the +3 pair of seven-league boots {Rampage+∞}
 55771 | Trove    | Identified the +0 pair of gloves "Filel" {Dex+5}
 55774 | Trove    | Found the +0 pair of fencer's gloves {Riposte Dex+3}
 55776 | Trove    | Identified the +12 plate armour "Vonn" {Will+ Dex+5}
 55780 | Trove    | Identified the +9 crystal plate armour "Joxkexa" {^Drain
                  | Fly Slay+5}
 55783 | Trove    | Identified the +5 chain mail of Complete Protection {Str+2
                  | Int+4 Dex+3}
 55787 | Trove    | Identified the +0 ring mail of Monotheism {rF+}
 55795 | Trove    | Identified the +0 pair of gloves "Axzy Owo" {Fly rF- Int+2}
 55886 | Crypt:1  | Entered Level 1 of the Crypt
 56035 | Crypt:1  | Reached skill level 19 in Fighting
 56785 | Crypt:2  | Identified the +10 quarterstaff "Uxteas" {vamp, Will++
                  | Str+3 Int+2}
 56888 | Crypt:2  | Reached ****** piety under Jiyva
 57116 | Crypt:2  | Found the +10 tower shield of Ignorance {rN+ Int-4}
 57357 | Crypt:2  | Noticed Jory
 57366 | Crypt:2  | Killed Jory
 57593 | Crypt:3  | Entered Level 3 of the Crypt
 57651 | Crypt:3  | Gained mutation: Your translucent skin slightly reduces
                  | your foes' accuracy. (Stealth+) [Jiyva's grace]
 57651 | Crypt:3  | Gained mutation: Your translucent skin reduces your foes'
                  | accuracy. (Stealth+) [Jiyva's grace]
 57651 | Crypt:3  | Gained mutation: Your transparent skin significantly
                  | reduces your foes' accuracy. (Stealth+) [Jiyva's grace]
 57651 | Crypt:3  | Gained mutation: You expend magic power (3 MP) to
                  | strengthen your wands. [Jiyva's grace]
 58065 | Crypt:3  | Found a basalt altar of Yredelemnul.
 58074 | Crypt:3  | Reached skill level 20 in Fighting
 58144 | Crypt:3  | Reached XP level 23. HP: 116/196 MP: 36/40
 58270 | Crypt:3  | Got Ceunk's Precepts of the Grisly Missiles
 58277 | Crypt:3  | Got the Handbook of Ceraunoscopy and Damage
 58617 | Crypt:3  | Found a staircase to the Tomb.
 59248 | Crypt:3  | Identified the +3 battleaxe "Qeberph" {holy, rN+ rCorr}
 60046 | Slime:1  | Entered Level 1 of the Pits of Slime
 60091 | Slime:5  | Entered Level 5 of the Pits of Slime
 60118 | Slime:5  | Noticed the Royal Jelly
 60120 | Slime:5  | Found a viscous altar of Jiyva.
 60125 | Slime:5  | Got a starry gem with 523 turns to spare
 60127 | Slime:5  | Got a slimy rune of Zot
 60245 | Slime:5  | Got the Book of Anathema
 60358 | Slime:5  | Identified the +3 halberd of Conversion {holy, Int+2}
 60794 | Depths:1 | Entered Level 1 of the Depths
 60800 | Depths:1 | Found Jatum's Self-Published Books.
 60837 | Depths:1 | Got the Encyclopedia of the Mesa and Austromancy
 60998 | Depths:1 | Found the +8 demon blade "Leech" {evervamp, Harm ^Drain
                  | rN+}
 61122 | Depths:1 | Noticed the Enchantress
 61133 | Depths:1 | Killed the Enchantress
 61195 | Depths:1 | Lost mutation: You have a pair of large horns on your head.
                  | [Jiyva's grace]
 61195 | Depths:1 | Lost mutation: You have a pair of horns on your head.
                  | [Jiyva's grace]
 61195 | Depths:1 | Lost mutation: You are somewhat resistant to both further
                  | mutation and mutation removal. [Jiyva's grace]
 61195 | Depths:1 | Lost mutation: You expend magic power (3 MP) to strengthen
                  | your wands. [Jiyva's grace]
 61195 | Depths:1 | Gained mutation: Your muscles are strong. (Str +4, Int/Dex
                  | -1) [Jiyva's grace]
 61195 | Depths:1 | Gained mutation: Your muscles are very strong. (Str +8,
                  | Int/Dex -2) [Jiyva's grace]
 61195 | Depths:1 | Gained mutation: Your rubbery body absorbs attacks. (AC +1,
                  | EV +1) [Jiyva's grace]
 61195 | Depths:1 | Gained mutation: Your pliable body absorbs attacks. (AC +2,
                  | EV +2) [Jiyva's grace]
 61314 | Depths:1 | Found a gateway to Hell.
 61724 | Depths:1 | Found a blossoming altar of Fedhas.
 61811 | Depths:2 | Reached skill level 15 in Spellcasting
 61854 | Depths:2 | Identified the +0 plate armour "Qajarraf" {Harm}
 61890 | Depths:2 | You fall into a shaft and drop 2 floors!
 61890 | Depths:4 | Entered Level 4 of the Depths
 61890 | Depths:4 | Noticed a golden dragon
 61895 | Depths:4 | Killed a golden dragon
 61977 | Depths:2 | Found a one-way gate leading to the halls of Pandemonium.
 62162 | Depths:2 | Identified the +2 robe of Salvation {Regen+ Archmagi}
 62162 | Depths:2 | Noticed Boris
 62169 | Depths:2 | Paralysed by a vampire knight for 4 turns
 62299 | Depths:2 | Killed Boris
 62331 | Depths:2 | Reached XP level 24. HP: 204/204 MP: 28/42
 62392 | Depths:2 | Found Xoafoch's Distillery.
 62398 | Depths:2 | Bought a potion of heal wounds for 70 gold pieces
 62398 | Depths:2 | Bought a potion of curing for 42 gold pieces
 62398 | Depths:2 | Bought a potion of curing for 42 gold pieces
 62398 | Depths:2 | Bought a potion of cancellation for 112 gold pieces
 62398 | Depths:2 | Bought a potion of cancellation for 112 gold pieces
 62398 | Depths:2 | Bought a potion of berserk rage for 70 gold pieces
 62498 | Depths:2 | Reached skill level 15 in Invocations
 62859 | Depths:3 | Found a glowing golden altar of the Shining One.
 63835 | Depths:4 | Reached skill level 21 in Fighting
 63942 | Depths:4 | Found a gate to the Realm of Zot.
 63947 | Depths:4 | Got a midnight gem with 1 turns to spare
 64341 | Depths:4 | Found an ancient bone altar of Kikubaaqudgha.
 64394 | Depths:4 | Noticed a caustic shrike
 64394 | Depths:4 | Noticed a caustic shrike
 64395 | Depths:4 | Found a one-way gateway to a ziggurat.
 64395 | Depths:4 | Noticed a caustic shrike
 64643 | Depths:4 | Killed a caustic shrike
 64643 | Depths:4 | Killed a caustic shrike
 64644 | Depths:4 | Killed a caustic shrike
 65049 | Vaults:5 | Entered Level 5 of the Vaults
 65049 | Vaults:5 | Lost mutation: Your muscles are very strong. (Str +8,
                  | Int/Dex -2) [Jiyva's grace]
 65049 | Vaults:5 | Gained mutation: Armour fits poorly on your pseudopods.
                  | [Jiyva's grace]
 65049 | Vaults:5 | Gained mutation: Armour fits poorly on your large
                  | pseudopods. [Jiyva's grace]
 65049 | Vaults:5 | Gained mutation: Armour fits poorly on your massive
                  | pseudopods. [Jiyva's grace]
 65049 | Vaults:5 | Gained mutation: You are covered in fur. (AC +1) [Jiyva's
                  | grace]
 65112 | Vaults:5 | Noticed a dread lich
 65117 | Vaults:4 | Killed a dread lich
 65138 | Vaults:5 | Reached XP level 25. HP: 177/215 MP: 28/42
 65497 | Vaults:5 | Identified the +7 whip of the Lesser Evil {drain, Will+
                  | Int+6}
 65523 | Vaults:5 | Identified the +0 robe "Tomyex" {Regen+ Int-4 Dex+2 Stlth+
                  | Archmagi}
 65736 | Vaults:5 | Identified the ring "Akethum" {rC+ rN+ Dex+2 SInv}
 65747 | Vaults:5 | Reached skill level 22 in Fighting
 65787 | Vaults:5 | Got a silver rune of Zot
 65829 | Vaults:5 | Noticed a dread lich
 65833 | Vaults:5 | Paralysed by a dread lich for 3 turns
 65837 | Vaults:5 | Killed a dread lich
 65956 | Vaults:5 | Got the Quarto of the Congregation
 65961 | Vaults:5 | Identified the dragon-blood talisman of Philately {Will+
                  | Int-4 Dex+3 Stlth+}
 65964 | Vaults:5 | Got the Thoughts on Wounds
 66639 | Depths:3 | Voluntarily entered the Abyss.
 66693 | Abyss:3  | Found a corrupted altar of Lugonu.
 66693 | Abyss:3  | Found a corrupted altar of Lugonu.
 66698 | Abyss:3  | Found a corrupted altar of Lugonu.
 66757 | Abyss:3  | Lost mutation: A frigid envelope surrounds you and freezes
                  | all who hurt you. [Jiyva's grace]
 66757 | Abyss:3  | Lost mutation: Your pliable body absorbs attacks. (AC +2,
                  | EV +2) [Jiyva's grace]
 66757 | Abyss:3  | Lost mutation: Your transparent skin significantly reduces
                  | your foes' accuracy. (Stealth+) [Jiyva's grace]
 66757 | Abyss:3  | Gained mutation: You expend magic power (3 MP) to
                  | strengthen your wands. [Jiyva's grace]
 66757 | Abyss:3  | Gained mutation: You passively map a small area around you.
                  | [Jiyva's grace]
 66757 | Abyss:3  | Gained mutation: You passively map the area around you.
                  | [Jiyva's grace]
 66757 | Abyss:3  | Gained mutation: You passively map a large area around you.
                  | [Jiyva's grace]
 66880 | Abyss:3  | Got an abyssal rune of Zot
 66885 | Depths:3 | Escaped the Abyss
 66944 | Zot:1    | Entered Level 1 of the Realm of Zot
 67023 | Zig:1    | Entered Level 1 of a ziggurat
 67035 | Zig:2    | Entered Level 2 of a ziggurat
 67058 | Zig:3    | Entered Level 3 of a ziggurat
 67105 | Zig:4    | Entered Level 4 of a ziggurat
 67158 | Zig:5    | Entered Level 5 of a ziggurat
 67216 | Zig:6    | Entered Level 6 of a ziggurat
 67223 | Zig:6    | Found the +9 sword of Power {lifebolt}
 67255 | Zig:6    | Identified the +8 sling of Xelloite {flame, rF+ Str+3}
 67260 | Zig:6    | Got Zifast's Folio of Attacks
 67265 | Zig:7    | Entered Level 7 of a ziggurat
 67274 | Zig:7    | Reached XP level 26. HP: 226/226 MP: 38/42
 67309 | Zig:7    | Got the Papyrus of Shadowy Esoterica
 67314 | Zig:8    | Entered Level 8 of a ziggurat
 67355 | Zig:8    | Got the Discursus on Metallic Combat Magic
 67369 | Zig:9    | Entered Level 9 of a ziggurat
 67430 | Zig:9    | Got the Atlas of Congelation and the Catalyst
 67436 | Zig:9    | Identified the +0 short sword of the Dozen Nightmares
                  | {heavy, rPois}
 67441 | Zig:9    | Identified the +1 scale mail "Lusteat" {^Drain Will+++
                  | Str+8 SInv}
 67452 | Zig:10   | Entered Level 10 of a ziggurat
 67467 | Zig:10   | Reached skill level 23 in Fighting
 67508 | Zig:10   | Identified the staff of the Morning {Str-2 Int+7 Conj}
 67571 | Zot:1    | Acquired a +5 double sword of protection
 67572 | Zot:1    | Acquired 910 gold pieces
 67813 | Zot:1    | Lost mutation: Your mind is very acute. (Int +8, Str/Dex
                  | -2) [Jiyva's grace]
 67813 | Zot:1    | Lost mutation: Your mind is acute. (Int +4, Str/Dex -1)
                  | [Jiyva's grace]
 67813 | Zot:1    | Lost mutation: You passively map a large area around you.
                  | [Jiyva's grace]
 67813 | Zot:1    | Lost mutation: Your rubbery body absorbs attacks. (AC +1,
                  | EV +1) [Jiyva's grace]
 67813 | Zot:1    | Lost mutation: Armour fits poorly on your massive
                  | pseudopods. [Jiyva's grace]
 67813 | Zot:1    | Lost mutation: Your translucent skin reduces your foes'
                  | accuracy. (Stealth+) [Jiyva's grace]
 67813 | Zot:1    | Gained mutation: Armour fits poorly on your massive
                  | pseudopods. [Jiyva's grace]
 67813 | Zot:1    | Gained mutation: You have a pair of horns on your head.
                  | [Jiyva's grace]
 67813 | Zot:1    | Gained mutation: You have a pair of large horns on your
                  | head. [Jiyva's grace]
 67813 | Zot:1    | Gained mutation: Your movements are slightly less
                  | encumbered by armour. (ER -2) [Jiyva's grace]
 68779 | Zot:2    | Noticed an orb of fire
 68855 | Zot:2    | Killed an orb of fire
 68856 | Zot:2    | Reached skill level 15 in Armour
 69367 | Zot:3    | Found a transporter.
 69554 | Zot:3    | Found a transporter.
 69630 | Zot:3    | You fall into a shaft and drop 1 floor!
 70000 | Zot:3    | Noticed an orb of fire
 70000 | Zot:3    | Noticed an ancient lich
 70010 | Zot:3    | Gained mutation: You are occasionally teleported next to
                  | monsters. [a cacodemon]
 70440 | Zot:4    | Lost mutation: You are occasionally teleported next to
                  | monsters. [Jiyva's grace]
 70440 | Zot:4    | Lost mutation: You expend magic power (3 MP) to strengthen
                  | your wands. [Jiyva's grace]
 70440 | Zot:4    | Lost mutation: You are somewhat resistant to further
                  | mutation. [Jiyva's grace]
 70440 | Zot:4    | Gained mutation: You have hidden genetic potential.
                  | [Jiyva's grace]
 70440 | Zot:4    | Gained mutation: You have great hidden genetic potential.
                  | [Jiyva's grace]
 70440 | Zot:4    | Gained mutation: Your rubbery body absorbs attacks. (AC +1,
                  | EV +1) [Jiyva's grace]
 70440 | Zot:4    | Gained mutation: Your pliable body absorbs attacks. (AC +2,
                  | EV +2) [Jiyva's grace]
 71138 | Zot:4    | Reached XP level 27. HP: 237/237 MP: 42/42
 71194 | Zot:5    | Entered Level 5 of the Realm of Zot
 71606 | Zot:5    | Reached skill level 24 in Fighting
 71716 | Zot:5    | Noticed an orb of fire
 71721 | Zot:5    | Killed an orb of fire
 71731 | Zot:5    | Noticed an orb of fire
 71733 | Zot:5    | Lost mutation: You have great hidden genetic potential. [an
                  | orb of fire]
 71737 | Zot:5    | Gained mutation: You are frail. (-10% HP) [an orb of fire]
 71744 | Zot:5    | Killed an orb of fire
 71745 | Zot:5    | Noticed a dread lich
 71755 | Zot:5    | Killed a dread lich
 71840 | Zot:5    | Noticed an ancient lich
 71880 | Zot:5    | Killed an ancient lich
 71910 | Zot:5    | Noticed an ancient lich
 71916 | Zot:5    | Killed an ancient lich
 71961 | Zot:5    | Noticed an ancient lich
 71964 | Zot:5    | Killed an ancient lich
 71985 | Zot:5    | Noticed a dread lich
 71990 | Zot:5    | Killed a dread lich
 72091 | Zot:5    | Gained mutation: Your flesh is cold resistant. (rC+)
                  | [hidden potential]
 72393 | Zot:5    | Got the Orb of Zot
 72422 | Zot:4    | Found the +4 dragonskin cloak
 72422 | Zot:4    | Noticed Tiamat
 72921 | D:4      | Reached skill level 25 in Fighting
 72957 | Temple   | Fell from the grace of Jiyva
 72957 | Temple   | Became a worshipper of Elyvilon the Healer
 73072 | D:$      | Escaped with the Orb!

Illustrated notes

Levels and vault maps discovered:
D:1:      lemuel_arrival_hallway, layout_loops_cross
D:2:      layout_loops_corners, nicolae_figureground_pulse
D:3:      layout_loops_corners, dilly_ecumenical_altar_fadedgnrine,
          kennysheep_nub, uniq_robin, uniq_natasha, uniq_grinder
D:4:      layout_layer_cave, overflow_temple_1_default, kennysheep_mini,
          minmay_temple_entry_statues, serial_undead, serial_undead_b,
          serial_undead_d, serial_undead_b, serial_undead_a,
          kennysheep_orc_chapel
D:5:      layout_layer_cave
D:6:      layout_loops_cross, serial_shops, nicolae_shop_tiny_glass,
          serial_demonic, serial_demonic_e, serial_demonic_b, serial_demonic_c,
          serial_demonic_g
D:7:      layout_rooms, gammafunk_ghost_wrathful_warriors, eino_jars,
          uniq_maurice
D:8:      layout_cave_pods, nzn_wu_jian_contemplation, hangedman_ru_absence,
          minmay_misc_feat_secret_circle, uniq_pikel, uniq_joseph
D:9:      layout_layer_cave, lair_entry_dummy, chequers_serial_rivers_small_b,
          minmay_strange_pillars, uniq_grum
D:10:     layout_rooms, marbit_many_paths, minitemple, grunt_gozag_statues,
          hiddenorc1_lemuel
D:11:     layout_irregular_city, nicolae_kite_square_tiling_tiny, uniq_erica
D:12:     layout_basic, uniq_urug, uniq_nergalle, uniq_josephine, uniq_erolcha
D:13:     layout_gridville, grunt_vaults_entry_tiered, reono_crystal_passage,
          kennysheep_generic_room_14
D:14:     layout_layer_cave, serial_bayou_pond_b,
          amcnicky_mini_rare_corridor_liquid, pond
D:15:     grunt_enter_depths_hoard, layout_loops_ring,
          nicolae_dithmenos_shadow_blocks
Temple:   chequers_temple_sunken
Lair:1:   dreamdust_isle_of_ice, layout_hall_layers, grunt_megastairs_1
Lair:2:   layout_small_grid, mainiacjoe_swamp_entry_lozenge_pond,
          spider_nest_entry_a, uniq_fannar
Lair:3:   layout_cave_pods
Lair:4:   layout_roguey, grunt_megastairs_2, serial_bayou_shore_a
Lair:5:   hellmonk_lair_end_abyssal_woods, layout_regular_city,
          dpeg_slime_entry_enclosed, uniq_rupert, uniq_kirke
Swamp:1:  layout_falls_marsh, serial_swamp_ruin, hangedman_swamp_ruin_hall,
          evilmike_swamp_ruin_house_4
Swamp:2:  layout_falls_marsh, nicolae_swamp_little_swirl,
          nicolae_swamp_decorative_isthmus
Swamp:3:  layout_basic_swamp, evilmike_swamp_ruin_house_6, swamp_pool_5,
          nicolae_swamp_fairy_circle, nicolae_swamp_nymph_family_reunion,
          nicolae_swamp_tree_isthmus
Swamp:4:  swamp_icy, layout_basic_swamp
Spider:1: layout_spider_delve
Spider:2: layout_spider_delve, special_room, hellmonk_ghost_happy_afterlife,
          uniq_arachne
Spider:3: layout_spider_delve, nicolae_spider_webbed_stairs, uniq_mara
Spider:4: floodkiller_spider_rune_tomb, hellmonk_deceptive_appearances
Slime:1:  layout_caves
Slime:2:  layout_caves, cheibrodos_slime_lost_civilization_7
Slime:3:  layout_caves
Slime:4:  layout_caves
Slime:5:  slime_pit_nicolae_trefoil
Orc:1:    layout_caves
Orc:2:    st_orc_open, layout_caves
Elf:1:    layout_onion_city, serial_shops, nicolae_shop_drivethru,
          portal_ice_cave_entry_ice_statue_one, minmay_elf_crystal_hexagon
Elf:2:    elven_hall_of_blades_hangedman_original
          [nicolae_blade_entry_antechamber], layout_gridlike, serial_shops,
          shop, minmay_fountain_box, nicolae_twisty_statue_hallways
Elf:3:    grunt_elf_hall_diamonds, layout_gridlike, serial_shops, shop
Vaults:1: vaults_room_door_ring, vaults_mumra_hexcomb,
          nicolae_vaults_murder_corner, vaults_room_pools,
          nicolae_vaults_two_Ls, nicolae_vaults_big_angled_halls,
          dpeg_vaults_monster_box, layout_vaults_omnigrid, serial_shops, shop
Vaults:2: vaults_room_hangedman_quadrants, nicolae_vaults_tetromino_L_1,
          ontoclasm_vaults_ring_large, serial_library_hellmonk_semicircle,
          nicolae_vaults_apartment_1, ontoclasm_vaults_eye, v_rooms_6,
          v_misc_13, minmay_crypt_entry_nasty_monster, vaults_room_door_hall,
          vaults_room_pool, nicolae_vaults_two_Ls, vaults_dpeg_encased_lava,
          nicolae_vaults_stepped_doors, layout_vaults_omnicross
Vaults:3: hangedman_vaults_corner, vaults_mumra_minichess_inversion,
          nicolae_vaults_surprise_closet, ontoclasm_vaults_misaligned,
          vaults_room_fours, minmay_guarded_unrand_secular_launcher,
          nicolae_vaults_shelves_hall, vaults_mumra_lcd, vaults_mumra_minichess,
          ontoclasm_vaults_spin, nicolae_vaults_little_squares_3,
          nicolae_vaults_rhombus_5, nicolae_vaults_tetromino_Z_2,
          nicolae_vaults_diamond_1, ontoclasm_vaults_shuriken,
          layout_vaults_maze_snakey
Vaults:4: hangedman_vaults_restitches, v_misc_31,
          nicolae_vaults_trapezoid_lopsided_1, nicolae_vaults_tetromino_T_1,
          minmay_orc_keep, v_misc_5, v_misc_19, lightli_orcish_oven,
          nicolae_vaults_little_squares_4, hangedman_vaults_capsules,
          nicolae_vaults_tetromino_T_1, layout_vaults_chaotic_city,
          enter_trove_0
Vaults:5
Crypt:1:  layout_chaotic_city, grunt_crypt_arrival_guarded_gate
Crypt:2:  layout_gridlike, grunt_megastairs_5, uniq_josephina, uniq_grunn,
          uniq_jory
Crypt:3:  evilmike_haunted_forest
Depths:1: layout_twisted_cross, grunt_hell_entry_dis_grunt, roderic_lattice_a,
          nicolae_custom_books, fedhas_altar_4, uniq_enchantress
Depths:2: hangedman_screamer, layout_gridville, hell_entry, pan_entry,
          minmay_room_of_horrors, minmay_shop_star, infiniplex_staircase_pool_2,
          serial_bayou_shore_b, grunt_megastairs_3
Depths:3: kennysheep_scales, layout_basic, abyss_entry, hell_entry,
          nicolae_tso_carved_into_rock, serial_rivers,
          chequers_serial_rivers_micro_b, chequers_serial_rivers_micro_e,
          chequers_serial_rivers_micro_d, chequers_serial_rivers_small_b
Depths:4: evilmike_zot_entry_diamond, layout_basic, enter_ziggurat_d,
          hell_entry, kiku_gazebo_garden_becter
Zot:1:    kennysheep_room_grid, layout_misc_corridors, regret_index_zotdec_zees
Zot:2:    layout_concentric_octagons, regret_index_zot_stipple_split
Zot:3:    gammafunk_dig_for_victory, layout_onion, skrybe_zot_glass_3,
          st_stairs_5, grunt_ministairs_12
Zot:4:    layout_cathedral_of_symmetry, regret_index_zotdec_twisting_globes,
          uniq_tiamat
Zot:5:    layout_twisted_circle, regret_index_zotdec_carving_tricks

Skill      XL: |  1  2  3  4  5  6  7  8  9 10 11 12 13 14 15 16 17 18 19 20 21 22 23 24 25 26 27 |
---------------+----------------------------------------------------------------------------------+-----
Armour         | 1 2 3 4 5 8 9 10 11 13 15 17 | 17.2
Dodging        | 2 3 4 5 6 8 9 10 12 14 15 16 17 18 19 20 21 22 | 22.3
Long Blades    | 3 4 5 7 8 10 12 14 15 16 | 16.0
Fighting       | 3 4 5 6 7 9 10 11 12 15 16 18 20 21 22 23 25 | 25.0
Invocations    | 2 4 5 6 8 10 11 14 15 | 15.0
Spellcasting   | 4 8 9 10 11 12 13 15 | 15.0
Translocations | 4 6 8 10 12 14 16 | 16.0
Throwing       | |  0.8

Action                     |  1- 3 |  4- 6 |  7- 9 | 10-12 | 13-15 | 16-18 | 19-21 | 22-24 | 25-27 || total
---------------------------+-------+-------+-------+-------+-------+-------+-------+-------+-------++-------
  Melee: Falchion          |    78 |   155 |   509 |       |       |       |       |       |       ||   742
         Short sword       |    55 |    53 |       |       |       |       |       |       |       ||   108
         Scimitar          |       |       |    18 |   707 |   208 |       |       |       |       ||   933
         Long sword        |       |       |    18 |    68 |       |       |       |       |       ||    86
         Unarmed           |       |       |     3 |       |       |       |       |       |       ||     3
         Demon blade       |       |       |       |       |   535 |  1167 |  2373 |  2515 |  1832 ||  8422
         Rapier            |       |       |       |       |   150 |       |       |       |       ||   150
         Double sword      |       |       |       |       |   206 |   555 |       |       |   258 ||  1019
         Headbutt          |       |       |       |       |       |       |    50 |   196 |   186 ||   432
         Pseudopods        |       |       |       |       |       |       |       |     3 |   177 ||   180
   Cast: Manifold Assault  |       |       |       |       |    75 |   416 |   467 |   459 |   389 ||  1806
         Blink             |       |       |       |       |     1 |       |     2 |       |       ||     3
 Invoke: Heroism           |       |       |       |     1 |     3 |       |       |       |       ||     4
         Finesse           |       |       |       |     1 |     3 |       |       |       |       ||     4
         Receive Weapon    |       |       |       |       |     1 |       |       |       |       ||     1
         Receive Armour    |       |       |       |       |     1 |       |       |       |       ||     1
Ability: Invent Gizmo      |       |       |       |       |     1 |       |       |       |       ||     1
  Evoke: Wand              |       |       |     4 |     7 |       |       |       |     3 |     4 ||    18
    Use: Scroll            |       |       |    10 |     5 |    10 |    19 |     9 |     4 |    13 ||    70
         Potion            |       |       |       |     1 |       |     4 |     6 |     1 |       ||    12
   Stab: Distracted        |       |       |       |       |     2 |     1 |       |     1 |     2 ||     6
         Sleeping          |       |       |       |       |     2 |       |     3 |     1 |     1 ||     7
 Armour: Leather armour    |     7 |       |    85 |   277 |   358 |   282 |   349 |   251 |   148 ||  1757
         Ring mail         |    37 |    76 |   147 |       |       |       |       |       |       ||   260
         Skin              |       |       |     1 |       |       |       |       |       |       ||     1
         Acid dragon scale |       |       |       |       |       |       |       |       |    52 ||    52
         Fire dragon scale |       |       |       |       |       |       |       |       |    80 ||    80
  Dodge: Dodged            |    52 |    49 |   243 |   299 |   377 |   283 |   416 |   467 |   451 ||  2637
         Repelled          |       |       |       |       |     3 |    12 |     2 |       |       ||    17
Riposte: Demon blade       |       |       |       |       |       |       |       |   107 |   101 ||   208
         Double sword      |       |       |       |       |       |       |       |       |    24 ||    24

Table legend: (Time is in decaauts)
 A = Elapsed time spent in this place.
 B = Non-inter-level travel time spent in this place.
 C = Inter-level travel time spent in this place.
 D = Time resting spent in this place.
 E = Time spent auto-exploring this place.
 F = Levels seen in this place.
 G = Mean time per level.
                   A        B        C        D        E       F      G
               +--------+--------+--------+--------+--------+-----+--------+
         Total |  72056 |  65001 |   7055 |   9490 |  46549 |  71 | 1014.9 |
       Dungeon |  19473 |  17161 |   2312 |   2318 |  12725 |  15 | 1298.2 |
        Temple |    283 |    198 |     85 |      0 |    179 |   1 |  283.0 |
          Lair |   8348 |   7311 |   1037 |   1880 |   4219 |   5 | 1669.6 |
         Swamp |   6203 |   5918 |    285 |    894 |   4582 |   4 | 1550.8 |
   Spider Nest |   7250 |   6894 |    356 |   1392 |   4877 |   4 | 1812.5 |
    Slime Pits |    469 |    351 |    118 |      0 |    335 |   5 |   93.8 |
  Orcish Mines |   1827 |   1655 |    172 |    446 |   1029 |   2 |  913.5 |
   Elven Halls |   6770 |   6461 |    309 |   1116 |   4677 |   3 | 2256.7 |
        Vaults |   6783 |   6098 |    685 |    541 |   4548 |   5 | 1356.6 |
         Crypt |   3691 |   3214 |    477 |      9 |   2714 |   3 | 1230.3 |
        Depths |   4239 |   3539 |    700 |    134 |   2813 |   4 | 1059.8 |
           Zot |   4781 |   4267 |    514 |    450 |   3058 |   5 |  956.2 |
         Abyss |    326 |    326 |      0 |      0 |      0 |   3 |  108.7 |
      Ziggurat |    461 |    461 |      0 |     11 |    266 |  10 |   46.1 |
         Trove |     47 |     47 |      0 |      0 |      1 |   1 |   47.0 |
      Ice Cave |   1097 |   1097 |      0 |    296 |    523 |   1 | 1097.0 |
               +--------+--------+--------+--------+--------+-----+--------+

Top non-repeatable levels by time:
   Elf:3: 2528 daAuts
Spider:4: 2361 daAuts
     D:9: 2283 daAuts
   Elf:2: 2253 daAuts
    D:13: 2241 daAuts
Spider:2: 2121 daAuts
 Swamp:4: 2064 daAuts
 Crypt:3: 2000 daAuts
   Elf:1: 1988 daAuts
Spider:3: 1930 daAuts
  Lair:1: 1918 daAuts
Vaults:2: 1723 daAuts
  Lair:5: 1701 daAuts
  Lair:2: 1651 daAuts
  Lair:4: 1648 daAuts
